AoeStats
← viwa

Arabia

509831751Analyzed
1v1 RM · 4d ago on Sep 28, 2026· 30m 30s· 2 players
Game mode
Random Map
Map size
Tiny (2 player)
Population
200
Speed
Normal
Resources
Standard
Victory
Conquest
Starting age
Dark Age
Ending age
Imperial Age
RankedLock teamsTeams togetherTeam positionsShared explorationLock speedFull tech treeHidden civsTurbo modeCheats
Victory
Defeat
🇦🇺 Magyars · Australia
1019
+15
🇸🇪 Britons · Sweden
1001
-15
viwa
8:18 Loom
10:16 Feudal Age
11:12 Double-Bit Axe
11:08 Horse Collar
14:29 Horse Collar
22:48 Castle Age
22:05 Stone Mining
22:08 Gold Mining
23:39 Fletching
27:31 Bow Saw
27:22 Heavy Plow
27:58 Gold Shaft Mining
26:59 Pikeman
Evandar3925
8:40 Loom
11:09 Feudal Age
12:23 Double-Bit Axe
13:33 Horse Collar
21:08 Castle Age
20:09 Bloodlines
22:25 Scale Barding Armor
27:19 Bow Saw
28:40 Chain Barding Armor
30:48 Gold Mining
Connection lost

Rejoining the realm…

Still unreachable

The connection could not be restored.

Session expired

The server has moved on; the page needs a fresh start.